 Dungeon Crawl Stone Soup version 0.25.1-8-g42b30a86e7 (webtiles) character file.

Game seed: 15386301760906760204

168 Destapler the Ducker (level 5, -1/79 HPs)
             Began as a Troll Berserker on Dec 5, 2020.
             Was a Priest of Trog.
             Slain by a killer bee (10 damage)
             ... on level 3 of the Dungeon.
             The game lasted 00:05:31 (2343 turns).

Destapler the Ducker (Troll Berserker)              Turns: 2343, Time: 00:05:33

Health: -1/79      AC:  9    Str: 26    XL:     5   Next: 24%
Magic:  4/4        EV:  8    Int:  3    God:    Trog [***...]
Gold:   112        SH:  7    Dex:  9    Spells: 4/4 levels left

rFire    . . .     SeeInvis .     - Unarmed
rCold    . . .     Gourm    +   v - +0 kite shield
rNeg     . . .     Faith    +   a - +0 animal skin
rPois    .         Spirit   .   (helmet restricted)
rElec    .         Reflect  .   u - +2 cloak
rCorr    .         Harm     .   (gloves unavailable)
MR       ++...                  (boots unavailable)
Stlth    ..........             j - amulet of faith
HPRegen  1.63/turn              (no ring)
MPRegen  0.09/turn              (no ring)

@: berserking, lethally poisoned (-1 -> -3), regenerating, very quick
A: large, unfitting armour, claws 3, fast metabolism 3, gourmand, regeneration
1, shaggy fur 1, tough skin 3
a: Berserk, Trog's Hand, Renounce Religion


You were on level 3 of the Dungeon.
You worshipped Trog.
Trog was most pleased with you.
You were very full.

You visited 1 branch of the dungeon, and saw 4 of its levels.

You collected 112 gold pieces.

Inventory:

Missiles
 g - 8 poisoned darts (quivered)
 r - a throwing net
Armour
 a - a +0 animal skin (worn)
 u - a +2 cloak (worn)
 v - a +0 kite shield (worn)
Jewellery
 j - an amulet of faith (around neck)
Scrolls
 c - 4 scrolls of identify {unknown}
 e - 2 scrolls of amnesia {unknown}
 f - a scroll of magic mapping {unknown}
 h - 4 scrolls of fog {unknown}
 k - a scroll of immolation {unknown}
 l - a scroll of teleportation {unknown}
 m - 2 scrolls of remove curse {unknown}
 p - a scroll of random uselessness {unknown}
 t - a scroll of enchant armour {unknown}
Potions
 d - a potion of lignification {unknown}
 i - a potion of heal wounds {unknown}
 n - a potion of brilliance {unknown}
 o - a potion of stabbing {unknown}
 s - 2 potions of curing {unknown}
Comestibles
 b - 7 rations
 q - 2 chunks of flesh


   Skills:
 + Level 3.4 Fighting
 + Level 2.2 Armour
 - Level 3.4 Dodging
 + Level 0.0 Shields
 - Level 3.0 Unarmed Combat


You had 4 spell levels left.
You didn't know any spells.
Your spell library was empty.

Dungeon Overview and Level Annotations

Branches:
Dungeon (4/15)
 Temple: D:4-7

Altars:
Trog
Vehumet
Xom


Innate Abilities, Weirdness & Mutations

You are too large for most types of armour.
You have claws for hands.
Your metabolism is lightning-fast.
You like to eat raw meat.
Your natural rate of healing is unusually fast.
You are covered in fur. (AC +1)
You have extremely tough skin. (AC +3)


Message History

The killer bee stings you but does no damage.
The killer bee stings you.
* * * LOW HITPOINT WARNING * * *
You closely miss the killer bee.
The killer bee is lightly wounded.
You feel sick.
The killer bee stings you but does no damage.
The killer bee barely misses you.
Unknown command.
You miss the killer bee.
The killer bee is lightly wounded.
You feel sick. The killer bee barely misses you. The killer bee misses you.
Unknown command.
You claw the killer bee!
The killer bee is severely wounded.
You feel sick. The killer bee stings you.
* * * LOW HITPOINT WARNING * * *
You are more poisoned.
The killer bee poisons you! The killer bee stings you!
You die...

############
#...........
#.########## #.#
## #.# #. #.# #.
#.#### #.
#######.#≈_######.
#@yy....##.#......
#y###.#..'.######.
#.# #.#.##.# #.
#.# #.#.#≈_# ###.
#.# #...#######...
#.#########...#...
#.............'...
##########....#...
#....#...


You could see 3 killer bees.

Vanquished Creatures
  Natasha (D:2)
  Robin (D:2)
  5 adders
  2 dart slugs
  A leopard gecko (D:1)
  A ball python (D:2)
  6 bats
  5 giant cockroaches
  17 goblins
  12 hobgoblins
  4 jackals (D:1)
  9 kobolds
  3 quokkas
  3 frilled lizards
  6 rats
76 creatures vanquished.

Notes
Turn   | Place    | Note
-------+----------+-------------------------------------------
     0 | D:1      | Destapler the Troll Berserker began the quest for the Orb.
     0 | D:1      | Reached XP level 1. HP: 22/22 MP: 0/0
   110 | D:1      | Reached XP level 2. HP: 29/29 MP: 1/1
   355 | D:1      | Reached skill level 1 in Armour
   532 | D:1      | Reached XP level 3. HP: 36/36 MP: 2/2
   563 | D:1      | You fall into a shaft and drop 1 floor!
   567 | D:2      | Reached ** piety under Trog
  1044 | D:2      | Noticed Robin
  1078 | D:2      | Killed Robin
  1084 | D:2      | Reached XP level 4. HP: 45/45 MP: 3/3
  1428 | D:2      | Noticed Natasha
  1442 | D:2      | Killed Natasha
  1832 | D:3      | Found a shimmering altar of Xom.
  1847 | D:3      | Reached XP level 5. HP: 53/53 MP: 4/4
  1852 | D:3      | Reached *** piety under Trog
  2175 | D:3      | Found a radiant altar of Vehumet.
  2175 | D:3      | Found a bloodstained altar of Trog.
  2343 | D:3      | Slain by a killer bee

Illustrated notes

Levels and vault maps discovered:
D:1:      saegor_arrival_under_anarchy, layout_loops_corners
D:2:      layout_basic, uniq_natasha, uniq_robin
D:3:      layout_basic, lemuel_round_altar, gammafunk_temple_overflow_elements
D:4:      layout_basic, uniq_pikel

Skill      XL: |  1  2  3  4 |
---------------+-------------+-----
Armour         | 1 2 |  2.2
Fighting       | 3 |  3.4
Dodging        | 3 |  3.4
Unarmed Combat | |  3.0

Action                   |  1- 3 |  4- 6 || total
-------------------------+-------+-------++-------
Melee: Unarmed           |   121 |    86 ||   207
Throw: Dart              |       |     1 ||     1
Invok: Berserk           |     1 |     2 ||     3
       Trog's Hand       |       |     2 ||     2
  Eat: Chunk             |    15 |    14 ||    29
Armor: Animal skin       |    48 |    45 ||    93
Dodge: Dodged            |    65 |    53 ||   118
Block: Kite shield       |       |     6 ||     6
